 Dungeon Crawl Stone Soup version 0.28-a0-1506-g3893175d92 (webtiles) character file.

Game seed: 4534176686631969671

217 fragbeetle the Digger (level 5, 0/30 HPs)
             Began as a Gargoyle Earth Elementalist on Jan 14, 2022.
             Slain by an ogre (30 damage)
             ... on level 4 of the Dungeon.
             The game lasted 00:06:35 (3276 turns).

fragbeetle the Digger (Gargoyle Earth Elementalist) Turns: 3276, Time: 00:06:35

Health: 0/30       AC:  7    Str: 14    XL:     5   Next: 94%
Magic:  6/8        EV: 12    Int: 15    God:
Gold:   195        SH:  0    Dex: 10    Spells: 4/8 levels left

rFire   . . .      SeeInvis .   f - +3 dagger (pain)
rCold   . . .      Faith    .   (no shield)
rNeg    + . .      Spirit   .   b - +0 robe
rPois   ∞          Reflect  .   h - +0 helmet
rElec   +          Harm     .   (no cloak)
rCorr   .          Rampage  .   (no gloves)
Will    .....                   (no boots)
Stlth   ++........              (no amulet)
HPRegen 0.10/turn               (no ring)
MPRegen 0.11/turn               (no ring)

@: no status effects
A: sickness immunity, AC +4, negative energy resistance 1, electricity
resistance, torment resistance 1, petrification resistance
a: no special abilities


You were on level 4 of the Dungeon.
You visited 1 branch of the dungeon, and saw 4 of its levels.

You collected 195 gold pieces.

Inventory:

Hand Weapons
 f - a +3 dagger of pain (weapon)
Missiles
 c - 108 stones
 d - 6 boomerangs
 l - 6 poisoned darts
Armour
 b - a +0 robe (worn)
 h - a +0 helmet (worn)
Wands
 j - a wand of iceblast (12)
 o - a wand of charming (6)
Scrolls
 a - a scroll of torment {unknown}
 e - 2 scrolls of magic mapping {unknown}
 i - a scroll of teleportation {unknown}
 k - a scroll of fog {unknown}
 n - 2 scrolls of noise {unknown}
 p - a scroll of holy word {unknown}
Potions
 g - a potion of might {unknown}
 m - a potion of resistance {unknown}


   Skills:
 + Level 2.3 Fighting
 + Level 2.5 Dodging
 + Level 3.6 Stealth
 - Level 2.0 Spellcasting
 - Level 1.0 Transmutations
 * Level 5.6 Earth Magic


You had 4 spell levels left.
You knew the following spells:

 Your Spells              Type           Power      Damage    Failure   Level
a - Sandblast             Erth           36%        2d10      2%          1
b - Stone Arrow           Conj/Erth      18%        3d8       22%         3

Your spell library contained the following spells:

 Spells                   Type           Power      Damage    Failure   Level
 Passwall                 Tmut/Erth      9%         N/A       9%          2
 Petrify                  Tmut/Erth      11%        N/A       50%         4


Dungeon Overview and Level Annotations

Branches:
Dungeon (4/15)
 Temple: D:4-7

Altars:


Innate Abilities, Weirdness & Mutations

You are immune to sickness and miasma.
Your stone body is resilient. (AC +4)
You are immune to poison.
You resist negative energy. (rN+)
You are resistant to electric shocks. (rElec)
You are resistant to unholy torment.
You are immune to petrification.


Message History

The water moccasin skeleton is severely damaged.
The water moccasin skeleton closely misses you.
You hit the water moccasin skeleton.
The water moccasin skeleton is almost destroyed.
The water moccasin skeleton bites you.
You hit the water moccasin skeleton.
You destroy the water moccasin skeleton!
You start resting.
HP restored.
Found a stone staircase leading up.
You see here a ring of poison resistance.
You open the door.
There is an open door here.
You see here a ring of poison resistance.
A goblin comes into view. It is wielding a +0 club.
The helpless goblin fails to defend itself.
You puncture the goblin!
You kill the goblin!
You see here a +0 club.
There is an open door here.
An adder comes into view.
The adder hisses angrily.
The blast of sand hits the adder!
The adder is almost dead.
You puncture the adder!
You kill the adder!
Magic restored.
Found a chain mail.
You now have 186 gold pieces (gained 12).
You now have 195 gold pieces (gained 9).
p - a scroll labelled APSEARCH NOLODO An ogre comes into view.
It is wielding a +0 giant club.
The ogre shouts!
You hear a shout!
The blast of sand hits the ogre!
The ogre is severely wounded.
The blast of sand hits the ogre.
The ogre is severely wounded.
The ogre hits you with a +0 giant club!!
Ouch! That really hurt!
You die...

..... ..## ..#
..###########
............#
..#########.# ..### #.#
....# #.############
....#######.....@O......
.....#.#.#.#.#.#.#.#..#.
....#.#.#.#.#.#.## ..
....##.#.#.#.#.#.# ..#
......#.#.#.#.#.## .#
.....#.#.#.#.#.#.# ..
####..#.#.#.#.#.#######.
.....#.#.#.#.#.#......#
#####.#.#.#.#.#.#.###.#


You could see an ogre.

Vanquished Creatures
  A scorpion (D:4)
  A water moccasin skeleton (D:4)
  A hound (D:4)
  5 adders
  A dart slug (D:1)
  A bat (D:2)
  4 endoplasms
  2 giant cockroaches
  3 goblins
  3 hobgoblins
  5 quokkas
  5 ball pythons
  A frilled lizard (D:1)
  2 kobolds (D:2)
  6 rats
41 creatures vanquished.

Notes
Turn   | Place    | Note
-------+----------+-------------------------------------------
     0 | D:1      | fragbeetle the Gargoyle Earth Elementalist began the quest
                  | for the Orb.
     0 | D:1      | Reached XP level 1. HP: 10/10 MP: 3/3
   585 | D:1      | Reached XP level 2. HP: 10/16 MP: 5/5
   917 | D:1      | You fall into a shaft and drop 1 floor!
   947 | D:2      | Reached skill level 1 in Transmutations
   947 | D:2      | Reached skill level 4 in Earth Magic
  1141 | D:2      | Reached XP level 3. HP: 8/20 MP: 6/6
  1147 | D:2      | Found a faded altar of an unknown god.
  1159 | D:2      | Reached skill level 1 in Fighting
  2201 | D:3      | Reached XP level 4. HP: 25/25 MP: 7/7
  2702 | D:4      | Noticed a scorpion
  2716 | D:4      | Killed a scorpion
  2717 | D:4      | Reached skill level 5 in Earth Magic
  2717 | D:4      | Reached XP level 5. HP: 23/30 MP: 0/8
  2787 | D:4      | Learned a level 3 spell: Stone Arrow
  3274 | D:4      | Noticed an ogre
  3276 | D:4      | Slain by an ogre

Illustrated notes

Levels and vault maps discovered:
D:1:      scummos_arrival_simple_crosswalls, layout_basic
D:2:      layout_basic, ebering_ecumenical_altar_mist
D:3:      layout_loops_ring
D:4:      minmay_recursive_quarters, layout_basic, kennysheep_mini_moat,
          minivault_23

Skill      XL: |  1  2  3  4  5 |
---------------+----------------+-----
Transmutations | 1 |  1.0
Earth Magic    | 4 5 |  5.6
Fighting       | 1 2 |  2.3
Dodging        | 2 |  2.5
Stealth        | 3 |  3.6
Spellcasting   | |  2.0

Action                   |  1- 3 |  4- 6 || total
-------------------------+-------+-------++-------
Melee: Unarmed           |    17 |       ||    17
       Dagger            |    76 |    48 ||   124
       Punch             |     1 |     1 ||     2
 Cast: Sandblast         |     7 |    10 ||    17
 Stab: Sleeping          |     3 |     1 ||     4
Armor: Robe              |    25 |    19 ||    44
Dodge: Dodged            |    67 |    22 ||    89

Table legend: (Time is in decaauts)
 A = Elapsed time spent in this place.
 B = Non-inter-level travel time spent in this place.
 C = Inter-level travel time spent in this place.
 D = Time resting spent in this place.
 E = Time spent auto-exploring this place.
 F = Levels seen in this place.
 G = Mean time per level.
                   A        B        C        D        E       F      G
               +--------+--------+--------+--------+--------+-----+--------+
         Total |   3275 |   3169 |    106 |    517 |   2096 |   4 |  818.8 |
       Dungeon |   3275 |   3169 |    106 |    517 |   2096 |   4 |  818.8 |
               +--------+--------+--------+--------+--------+-----+--------+

Top non-repeatable levels by time:
     D:1: 1143 daAuts
     D:2: 812 daAuts
     D:3: 717 daAuts
     D:4: 601 daAuts
